 Dungeon Crawl Stone Soup version 0.31.0-32-g396128a36d (console) character file.

Game seed: 11665742089737072546

128 AlterAsc the Chopper (level 5, 0/41 HPs)
             Began as a Formicid Fighter on Mar 11, 2024.
             Slain by Ijyb
             ... wielding a +0 dagger
              (2 damage)
             ... on level 3 of the Dungeon.
             The game lasted 00:03:22 (1876 turns).

AlterAsc the Chopper (Formicid Fighter)             Turns: 1876, Time: 00:03:22

Health: 0/41       AC:  6    Str: 22    XL:     5   Next: 33%
Magic:  5/5        EV:  9    Int:  8    God:
Gold:   295        SH:  5    Dex: 13    Spells: 4/4 levels left

rFire   . . .        a - +0 war axe
rCold   . . .        c - +0 buckler
rNeg    . . .        b - +0 scale mail
rPois   .            (helmet unavailable)
rElec   .            (no cloak)
rCorr   .            (no gloves)
SInv    +            (no boots)
Will    .....        (no amulet) Stlth
                     (no ring)
HPRegen 0.26/turn    (no ring)
MPRegen 0.09/turn

%: no passive effects
@: mighty
A: permanent stasis, dig shafts and tunnels, antennae 3, four strong arms
a: Dig, Shaft Self


You were on level 3 of the Dungeon.
You visited 1 branch of the dungeon, and saw 3 of its levels.

You collected 295 gold pieces.

Inventory:

Hand Weapons
 a - a +0 war axe (weapon)
Missiles
 q - 8 poisoned darts
Armour
 b - a +0 scale mail (worn)
 c - a +0 buckler (worn)
Jewellery
 l - a ring of ice
Scrolls
 e - 2 scrolls of identify {unknown}
 f - a scroll of fear {unknown}
 h - a scroll of immolation {unknown}
 i - 2 scrolls of poison {unknown}
 j - a scroll of torment {unknown}
 k - 2 scrolls of butterflies {unknown}
 m - 2 scrolls of teleportation {unknown}
 p - a scroll of vulnerability {unknown}
 s - a scroll of noise {unknown}
Potions
 g - 2 potions of curing {unknown}
 n - a potion of attraction {unknown}
 o - 2 potions of haste {unknown}
 r - a potion of cancellation {unknown}
 t - a potion of enlightenment {unknown}


   Skills:
 - Level 3.2 Fighting
 + Level 5.1 Axes
 - Level 3.2 Armour
 - Level 4.0 Shields


You had 4 spell levels left.
You didn't know any spells.
Your spell library was empty.

Dungeon Overview and Level Annotations

Branches:
Dungeon (3/15)

Altars:

Annotations:
D:3 Ijyb


Innate Abilities, Weirdness & Mutations

You cannot be hasted, slowed, berserked, paralysed or teleported.
You can dig through walls and to a lower floor.
You have a pair of large antennae on your head. (SInv)
Your four strong arms can wield two-handed weapons with a shield.


Message History

Ijyb zaps a wand.
The roots erupt in riotous growth!
The grasping roots grab you!
Ijyb is unaffected.
The grasping roots constrict you.
You hear an angry hiss.
You feel very mighty all of a sudden. You block Ijyb's attack.
The grasping roots constrict you.
You barely miss Ijyb.
Ijyb is lightly wounded.
Ijyb hits you with a +0 dagger.
* * * LOW HITPOINT WARNING * * *
The grasping roots constrict you.
* * * LOW HITPOINT WARNING * * *
The grasping roots release their grip on you.
You slash Ijyb!
Ijyb is heavily wounded.
Ijyb hits you but does no damage.
You barely miss Ijyb.
Ijyb is heavily wounded.
Ijyb zaps a wand.
The roots erupt in riotous growth!
The grasping roots grab you!
Ijyb is unaffected.
The grasping roots constrict you. Ijyb hits you but does no damage.
The grasping roots constrict you.
You hear an angry hiss.
You hit Ijyb.
Ijyb is severely wounded.
Ijyb hits you with a +0 dagger.
* * * LOW HITPOINT WARNING * * *
The grasping roots constrict you.
* * * LOW HITPOINT WARNING * * *
You hit Ijyb.
Ijyb is almost dead.
Ijyb hits you but does no damage. The grasping roots constrict you.
* * * LOW HITPOINT WARNING * * *
The grasping roots release their grip on you.
You barely miss Ijyb.
Ijyb is almost dead.
Ijyb hits you with a +0 dagger.
* * * LOW HITPOINT WARNING * * *
Ijyb hits you with a +0 dagger.
You die...

#.......# #.......#
#.......####
#######....##
##.....#### #
#.<.....##. #.
#.......... ####.##
######........##
.......##...........###
......g#..####.......#
.......@.## #.......##
.......### #>.......##
....... ##.....#..#
....... #####...###..
####### #..........##
#..........##
############......÷.....
#.........##..†.........
#.........#...........##
#.........#...........#
#.....................##


You could see Ijyb.

Vanquished Creatures
  An orc priest (D:3)
  3 adders
  A dart slug (D:2)
  A ribbon worm (D:3)
  3 orcs (D:3)
  4 endoplasms
  5 giant cockroaches
  6 goblins
  4 hobgoblins
  3 jackals (D:1)
  5 kobolds
  5 quokkas
  2 ball pythons
  6 bats
  5 frilled lizards
  8 rats
62 creatures vanquished.

Notes
Turn   | Place    | Note
-------+----------+-------------------------------------------
     0 | D:1      | AlterAsc the Formicid Fighter began the quest for the Orb.
     0 | D:1      | Reached XP level 1. HP: 18/18 MP: 1/1
   151 | D:1      | Reached XP level 2. HP: 24/24 MP: 2/2
   194 | D:1      | Found a faded altar of an unknown god.
   267 | D:1      | Reached skill level 3 in Axes
   436 | D:1      | Reached XP level 3. HP: 23/29 MP: 3/3
   990 | D:2      | Reached skill level 4 in Axes
   990 | D:2      | Reached XP level 4. HP: 35/35 MP: 4/4
  1729 | D:3      | Reached XP level 5. HP: 33/41 MP: 5/5
  1733 | D:3      | Reached skill level 5 in Axes
  1859 | D:3      | Noticed Ijyb
  1876 | D:3      | HP: 2/41 [Ijyb/+0 dagger (2)]
  1876 | D:3      | Slain by Ijyb

Illustrated notes

Levels and vault maps discovered:
D:1:      dpeg_arrival_court, layout_loops_ring, shapermc_ecumenical_altar_gd,
          corexii_corridor_pit
D:2:      layout_rooms, kennysheep_doodads, item_on_display_a
D:3:      layout_rooms, kennysheep_orc_chapel, uniq_ijyb

Skill      XL: |  1  2  3  4  5 |
---------------+----------------+-----
Axes           | 3 4 5 |  5.1
Fighting       | |  3.2
Armour         | |  3.2
Shields        | |  4.0

Action                     |  1- 3 |  4- 6 || total
---------------------------+-------+-------++-------
  Melee: War axe           |    95 |    90 ||   185
    Use: Potion            |       |     1 ||     1
 Armour: Scale mail        |    49 |    67 ||   116
  Dodge: Dodged            |    40 |    27 ||    67
  Block: Buckler           |    19 |    27 ||    46
